 Dungeon Crawl Stone Soup version 0.29-a0-575-g0dc89cf053 (webtiles) character file.

Game seed: 7567637223448084757

36 xian the Sneak (level 3, -2/26 HPs)
             Began as a Draconian Enchanter on June 12, 2022.
             Slain by a phantom (4 damage)
             ... on level 2 of the Dungeon.
             The game lasted 00:04:40 (2095 turns).

xian the Sneak (Draconian Enchanter)                Turns: 2095, Time: 00:04:41

Health: -2/26      AC:  6    Str: 10    XL:     3   Next: 19%
Magic:  6/6        EV: 12    Int: 17    God:
Gold:   90         SH:  0    Dex: 11    Spells: 4/6 levels left

rFire   . . .      SeeInvis .   c - +1 dagger (venom)
rCold   . . .      Faith    .   (no shield)
rNeg    . . .      Spirit   .   (body armour unavailable)
rPois   .          Reflect  .   (helmet restricted)
rElec   .          Harm     .   e - +0 cloak
rCorr   .          Rampage  .   (no gloves)
Will    .....                   (no boots)
Stlth   ++........              (no amulet)
HPRegen 0.08/turn               (no ring)
MPRegen 0.10/turn               (no ring)

@: invisible
A: AC +5, unfitting armour, cold-blooded
a: no special abilities


You were on level 2 of the Dungeon.
You visited 1 branch of the dungeon, and saw 2 of its levels.

You collected 90 gold pieces.

Inventory:

Hand Weapons
 c - a +1 dagger of venom (weapon)
Missiles
 j - 4 poisoned darts (quivered)
Armour
 e - a +0 cloak (worn)
Scrolls
 g - a scroll of fog
Potions
 a - a potion of degeneration {unknown}
 b - a potion of invisibility
 d - a potion of attraction
 f - 2 potions of heal wounds {unknown}
 h - a potion of mutation {unknown}
 i - a potion of haste {unknown}


   Skills:
 + Level 0.2 Fighting
 + Level 1.3 Short Blades
 + Level 2.0 Dodging
 + Level 3.3 Stealth
 + Level 2.3 Spellcasting
 + Level 2.9 Hexes


You had 4 spell levels left.
You knew the following spells:

 Your Spells              Type           Power      Damage    Failure   Level
a - Ensorcelled Hibernat  Hex/Ice        14%        N/A       16%         2

Your spell library contained the following spells:

 Spells                   Type           Power      Damage    Failure   Level
 Confusing Touch          Hex            12%        N/A       17%         3
 Tukima's Dance           Hex            12%        N/A       17%         3
 Dazzling Flash           Conj/Hex       14%        N/A       30%         3
 Summon Guardian Golem    Hex/Summ       7%         N/A       30%         3
 Gell's Gravitas          Tloc           1%         N/A       50%         3
 Lesser Beckoning         Tloc           1%         N/A       50%         3
 Teleport Other           Tloc           1%         N/A       50%         3
 Orb of Destruction       Conj           0%         9d5       100%        7
 Spellforged Servitor     Conj/Summ      0%         N/A       100%        7


Dungeon Overview and Level Annotations

Branches:
Dungeon (2/15)

Altars:


Innate Abilities, Weirdness & Mutations

Your plain brown scales are hard. (AC +5)
You cannot fit into any form of body armour.
You are cold-blooded and may be slowed by cold attacks.


Message History

You tail-slap the phantom, but do no damage.
The phantom is lightly damaged.
The phantom hits you.
The phantom blinks!
You blink.
The phantom attacks as you move away!
The phantom hits you but does no damage.
You barely miss the phantom.
The phantom is lightly damaged.
The phantom hits you.
You miss the phantom.
The phantom is lightly damaged.
The phantom hits you.
The phantom blinks!
You blink.
You closely miss the phantom.
The phantom is lightly damaged.
The phantom hits you but does no damage.
You hit the phantom.
The phantom is moderately damaged.
The phantom closely misses you.
You hit the phantom but do no damage.
The phantom is moderately damaged.
The phantom hits you.
You hit the phantom but do no damage. You tail-slap the phantom.
The phantom is moderately damaged.
The phantom misses you.
You hit the phantom but do no damage. You tail-slap the phantom.
The phantom is moderately damaged.
The phantom closely misses you.
You barely miss the phantom.
Your tail-slap misses the phantom.
The phantom is moderately damaged.
The phantom closely misses you.
You miss the phantom.
The phantom is moderately damaged.
The phantom hits you.
* * * LOW HITPOINT WARNING * * *
The phantom blinks!
You blink.
The phantom hits you.
* * * LOW HITPOINT WARNING * * *
The phantom closely misses you.
You fade into invisibility!
The phantom hits you.
You die...

#.###.###.###### #.#
#.####.#.......# #.#
.......>..#.##.# #.#
##..######..###.# #.#
#..# #..###.## #.# #..#
#.......# #.# ## ...#
##.###..####.####.##
###.##.....##.....[.#
#.....@W.(....####.## #
#.....##.#.##.# .#
..##.#####.....##.#.##.#
.#
.....[............#.##.#
.#
...............###.#.#.#
W# #.########........#
#... .. #########.# #..
.# ###


You could see a phantom (can't see you).

Vanquished Creatures
  3 dart slugs (D:1)
  A ball python (D:1)
  2 endoplasms (D:1)
  2 giant cockroaches
  2 goblins (D:1)
  2 hobgoblins (D:1)
  2 jackals (D:1)
  A quokka (D:1)
  2 bats
  A frilled lizard (D:1)
  6 kobolds (D:1)
  4 rats (D:1)
28 creatures vanquished.

Notes
Turn   | Place    | Note
-------+----------+-------------------------------------------
     0 | D:1      | xian the Draconian Enchanter began the quest for the Orb.
     0 | D:1      | Reached XP level 1. HP: 14/14 MP: 3/3
   247 | D:1      | Reached skill level 3 in Stealth
   268 | D:1      | Reached XP level 2. HP: 3/20 MP: 5/5
  1370 | D:1      | Reached XP level 3. HP: 17/26 MP: 6/6
  1395 | D:1      | Learned a level 2 spell: Ensorcelled Hibernation
  1477 | D:1      | Found a faded altar of an unknown god.
  2055 | D:2      | Noticed a phantom
  2095 | D:2      | Slain by a phantom

Illustrated notes

Levels and vault maps discovered:
D:1:      dpeg_arrival_three_same_balls, layout_basic,
          chequers_ecumenical_altar_simple_redux
D:2:      layout_loops_ring

Skill      XL: |  1  2 |
---------------+-------+-----
Stealth        | 3 |  3.3
Dodging        | 2 |  2.0
Fighting       | |  0.2
Short Blades   | |  1.3
Spellcasting   | |  2.3
Hexes          | |  2.9

Action                   || total
-------------------------++-------
Melee: Dagger            ||   109
       Tailslap          ||    16
       Punch             ||     1
Throw: Dart              ||     1
  Use: Scroll            ||     4
       Potion            ||     1
 Stab: Sleeping          ||     2
Armor: Skin              ||    43
Dodge: Dodged            ||    84

Table legend: (Time is in decaauts)
 A = Elapsed time spent in this place.
 B = Non-inter-level travel time spent in this place.
 C = Inter-level travel time spent in this place.
 D = Time resting spent in this place.
 E = Time spent auto-exploring this place.
 F = Levels seen in this place.
 G = Mean time per level.
                   A        B        C        D        E       F      G
               +--------+--------+--------+--------+--------+-----+--------+
         Total |   2089 |   2032 |     57 |    290 |   1281 |   2 | 1044.5 |
       Dungeon |   2089 |   2032 |     57 |    290 |   1281 |   2 | 1044.5 |
               +--------+--------+--------+--------+--------+-----+--------+

Top non-repeatable levels by time:
     D:1: 1904 daAuts
     D:2: 185 daAuts
